[Event "Serbian League 2024"]
[Site "Bajina Basta"]
[Date "2024.09.29"]
[Round "3.13"]
[White "Kuybokarov, Temur"]
[Black "Indjic, Aleksandar"]
[Result "1/2-1/2"]
[ECO "C43"]
[WhiteElo "2562"]
[BlackElo "2611"]
[Annotator "RC"]
[PlyCount "36"]
[EventDate "2024.09.26"]
[EventType "team-tourn"]
[EventCountry "SRB"]
[SourceTitle "playchess.com"]
[Source "ChessBase"]
[SourceQuality "1"]
[TimeControl "40/5400+30:1800+30"]

1. e4 e5 2. Nf3 Nf6 3. d4 Nxe4 4. dxe5 Bc5 5. Bc4 Nxf2 6. Bxf7+ Kxf7 7. Qd5+ Kg6 8. Qxc5 Nxh1 9. Nc3 h6 10. Qc4 Kh7 11. Nd5 Re8 12. Qe4+ Kh8 13. Bxh6 gxh6 14. Qf4 Re6 15. Nxc7 Qxc7 16. Qf8+ Kh7 17. Qf7+ Kh8 18. Qf8+ Kh7 1/2-1/2

[Event "Serbian League 2024"]
[Site "Bajina Basta"]
[Date "2024.09.29"]
[Round "3.14"]
[White "Markus, Robert"]
[Black "Sychev, Klementy"]
[Result "1/2-1/2"]
[ECO "D90"]
[WhiteElo "2586"]
[BlackElo "2532"]
[Annotator "TA"]
[PlyCount "44"]
[EventDate "2024.09.26"]
[EventType "team-tourn"]
[EventCountry "SRB"]
[SourceTitle "playchess.com"]
[Source "ChessBase"]
[SourceQuality "1"]
[TimeControl "40/5400+30:1800+30"]

1. d4 Nf6 2. c4 g6 3. Nc3 d5 4. Nf3 Bg7 5. h4 dxc4 6. e4 {[%emt 0:06:19][%cal Oe4e5] [#]} c5 $1 7. d5 {[%emt 0:01:08] [#]} (7. Bxc4 cxd4) 7... b5 $1 {[%emt 0:01:42] Dodges Qa4} 8. h5 {[%emt 0:02:44] Black has an edge.} O-O 9. hxg6 ({Of course not} 9. Nxb5 Qa5+ (9... Nxh5 10. Bxc4 Nd7 11. O-O $14) 10. Nc3 Nxe4 $15 (10... Nxh5 11. Bd2 $14)) 9... fxg6 10. Rh4 a6 11. e5 (11. Be2 $5) 11... Ng4 (11... Nfd7 {simplifies} 12. a4 Nxe5 13. Nxe5 Bxe5 14. axb5 Nd7) 12. d6 {[%emt 0:02:47] The position is equal.} Nxe5 (12... Bxe5 $2 13. Qd5+ e6 14. Qxa8 $18) 13. Qd5+ e6 14. Qxa8 Nxf3+ 15. gxf3 Qxh4 16. Qxb8 Bd4 $1 17. Nd1 {[%emt 0:02:13] Strongly threatening Qc7.} ({Don't play} 17. Ne4 Qh1 18. Qa8 Qxf3 $17) 17... Qh1 18. Qa8 e5 {[%emt 0:00:45][%cal Oc8h3] White must now prevent ...Bh3!} (18... Qxf3 $2 {too greedy.} 19. Qxf3 Rxf3 20. a4 $18) 19. Qd5+ Rf7 {[%emt 0:00:27][%cal Oc8h3] Threatens to win with ...Bh3!} 20. Qa8 Rf8 $1 {[%emt 0:00:28][%cal Oc8h3] ...Bh3! would now be deadly.} 21. Qd5+ Rf7 {[%emt 0:00:07][%cal Oc8h3] Hoping for ...Bh3!} 22. Qa8 Rf8 $1 {[%emt 0:00:04] A rather calm draw.   Weighted Error Value: White=0.02 (flawless) /Black=0.03 (flawless) .  OK:         	White=8     	Black=6      Best:        	White=4     	Black=4      Strong:       	---       	Black=3} 1/2-1/2

[Event "Serbian League 2024"]
[Site "Bajina Basta"]
[Date "2024.09.29"]
[Round "3.15"]
[White "Maksimovic, Bojan"]
[Black "Perunovic, Milos"]
[Result "1/2-1/2"]
[ECO "B67"]
[WhiteElo "2503"]
[BlackElo "2525"]
[Annotator "TA"]
[PlyCount "57"]
[EventDate "2024.09.26"]
[EventType "team-tourn"]
[EventCountry "SRB"]
[SourceTitle "playchess.com"]
[Source "ChessBase"]
[SourceQuality "1"]
[TimeControl "40/5400+30:1800+30"]

1. e4 c5 2. Nc3 Nc6 3. Nge2 Nf6 4. d4 cxd4 5. Nxd4 d6 6. Bg5 a6 7. Qd2 e6 8. O-O-O Bd7 9. f3 Nxd4 10. Qxd4 Bc6 11. h4 h6 12. Be3 d5 13. e5 Nd7 14. f4 Rc8 15. Rh3 Bc5 16. Qd2 O-O 17. Qf2 Bxe3+ 18. Rxe3 f6 19. exf6 Qxf6 {[%emt 0:01:31][%cal Od5d4] [#] White must now prevent ...d4!} 20. g3 Nc5 {[%emt 0:02:24] Strongly threatening ...d4.} 21. Ree1 (21. Qd2 $14) 21... Na4 22. Qd4 Nxc3 23. bxc3 (23. Qxc3 {simplifies} Qxc3 24. bxc3 Kf7 25. Re5) 23... Be8 24. Re5 Bg6 25. Bh3 Rc6 26. Rde1 Be4 27. Re3 Kh8 28. Kd2 Rfc8 29. Qb4 {[%emt 0:00:35] Weighted Error Value: White=0.12 (very precise) /Black=0.07 (flawless) .  Mistake:       	White=1     	---        Inaccurate:     	White=4     	Black=2      OK:         	White=4     	Black=12     Best:        	White=1     	---} 1/2-1/2

[Event "Serbian League 2024"]
[Site "Bajina Basta"]
[Date "2024.09.29"]
[Round "3.16"]
[White "Ivanisevic, Ivan"]
[Black "Pap, Misa"]
[Result "1-0"]
[ECO "E32"]
[WhiteElo "2519"]
[BlackElo "2389"]
[Annotator "TA"]
[PlyCount "97"]
[EventDate "2024.09.26"]
[EventType "team-tourn"]
[EventCountry "SRB"]
[SourceTitle "playchess.com"]
[Source "ChessBase"]
[SourceQuality "1"]
[TimeControl "40/5400+30:1800+30"]

1. d4 Nf6 2. c4 e6 3. Nc3 Bb4 4. Qc2 d6 5. e3 O-O 6. Bd3 c5 7. Nge2 d5 8. a3 {[%emt 0:04:27] The position is equal.} Bxc3+ 9. bxc3 Nc6 ({Black should try} 9... b5 $1 $11 10. cxd5 (10. cxb5 $2 c4 $19) 10... c4) 10. O-O Na5 11. cxd5 (11. dxc5 $2 dxc4 12. Be4 Nb3 $17) 11... c4 12. Be4 exd5 (12... Nxd5 13. Bxh7+ Kh8 14. Be4 $16) 13. Bf3 Nb3 14. Ra2 Re8 15. Ng3 Bg4 16. Bxg4 Nxg4 17. h3 Nf6 18. f3 Qc7 19. Qf2 Re6 20. Re2 Rae8 21. Bb2 g6 22. Rfe1 h5 23. Nf1 b5 24. a4 Qe7 ({Black should play} 24... bxa4 $15 25. Ba3 Kh8) 25. axb5 $14 Rb8 26. Qh4 Rxb5 27. Qf4 (27. g4 $11 {remains equal.}) 27... a5 $1 $17 28. e4 a4 {[%emt 0:01:22] ...dxe4 would now be deadly.} 29. e5 Ne8 30. Bc1 a3 (30... Nxc1 $17 31. Qxc1 Ra6) 31. Ra2 Ra5 32. Be3 Nc7 (32... f6 $1 $11) 33. Bf2 g5 {[%emt 0:01:03] Prevents Bh4.} (33... Rb6 $14) 34. Qf5 $16 {[%emt 0:00:40] Strongly threatening Ng3.} Rg6 (34... Nb5 $11 {keeps the balance.} 35. Qc2 Kh8) 35. Qc8+ Kh7 36. Ng3 Ra8 37. Qf5 {[%emt 0:01:59] White is more active.} Nb5 38. Qc2 h4 39. Nh5 {[%emt 0:00:43] Hoping for Nf6+.} Raa6 (39... Kg8 $16) 40. f4 {[%emt 0:00:22] Threatens to win with f5.} gxf4 {[%emt 0:00:18] A mistake that costs the game.} (40... Kh8 $16 {was called for.} 41. Re3 (41. f5 Rg8 $16) 41... Qd8) 41. Nf6+ Raxf6 {[%emt 0:08:14] [#]} 42. Bxh4 $1 Qa7 $2 (42... N3xd4 {was worth a try.} 43. cxd4 Nxd4) 43. exf6 N5xd4 44. cxd4 Nxd4 {[%emt 0:00:09] [#]} 45. Qd1 (45. Qf2 Nf3+ 46. Kh1 Qxf2 47. Bxf2 Nxe1 48. Bxe1 d4 $16) 45... Nf3+ 46. Kh1 Nxe1 47. Bxe1 Qe3 $2 (47... d4 $18 48. Bf2 Qb7 49. Bxd4 c3 50. Qh5+ (50. Rxa3 $2 Qxg2#) (50. Bxc3 f3 $18) 50... Rh6 51. Qf5+ Rg6) 48. Qh5+ Kg8 49. Re2 {[%emt 0:00:06] Weighted Error Value: White=0.16 (very precise) /Black=0.50.  Loses game:     	---       	Black=1      Mistake:       	White=1     	Black=9      Inaccurate:     	White=4     	---        OK:         	White=16    	Black=19     Best:        	White=6     	Black=3      Strong:       	White=1     	Black=1} 1-0

[Event "Serbian League 2024"]
[Site "Bajina Basta"]
[Date "2024.09.29"]
[Round "3.17"]
[White "Damljanovic, Branko"]
[Black "Kosic, Dragan"]
[Result "1-0"]
[ECO "A39"]
[WhiteElo "2354"]
[BlackElo "2371"]
[Annotator "RC"]
[PlyCount "112"]
[EventDate "2024.09.26"]
[EventType "team-tourn"]
[EventCountry "SRB"]
[SourceTitle "playchess.com"]
[Source "ChessBase"]
[SourceQuality "1"]
[TimeControl "40/5400+30:1800+30"]

1. c4 c5 2. Nf3 Nc6 3. Nc3 Nf6 4. g3 g6 5. Bg2 Bg7 6. d4 cxd4 7. Nxd4 Nxd4 8. Qxd4 O-O 9. O-O d6 10. Bd2 Be6 11. Qd3 Qc8 12. b3 Bh3 13. Rac1 Bxg2 14. Kxg2 Qc6+ 15. f3 h6 16. Rfd1 a6 17. Be1 Rfc8 18. a4 a5 19. Bf2 Qe8 20. Nb5 Rc6 21. e4 Nd7 22. f4 Nc5 23. Qf3 b6 24. Rd5 Rcc8 25. Rcd1 Kh7 26. Bxc5 bxc5 27. h4 h5 28. g4 hxg4 29. Qxg4 Bh6 30. h5 Qg8 31. Kf3 gxh5 32. Qxh5 Qg6 33. Rh1 Rh8 34. Qh2 f5 35. Rxf5 Raf8 36. Rh5 Rf6 37. f5 Qg7 38. Rg1 Qf8 39. Ke2 Rg8 40. Nc7 Rxg1 41. Qxg1 e6 42. Nxe6 Rxe6 43. fxe6 Qf4 44. Rxh6+ Qxh6 45. Qg4 Qh2+ 46. Kf3 Qh1+ 47. Kg3 Qg1+ 48. Kf4 Qh2+ 49. Ke3 Qh6+ 50. Kd3 Qf6 51. e5 Qf1+ 52. Ke4 Qh1+ 53. Qf3 Qe1+ 54. Qe3 Qh1+ 55. Kf5 Qf1+ 56. Qf4 Qb1+ 1-0

[Event "Serbian League 2024"]
[Site "Bajina Basta"]
[Date "2024.09.29"]
[Round "3.18"]
[White "Miljkovic, Miroslav D"]
[Black "Ivanovic, Marko"]
[Result "1/2-1/2"]
[ECO "C48"]
[WhiteElo "2420"]
[BlackElo "2240"]
[Annotator "TA"]
[PlyCount "33"]
[EventDate "2024.09.26"]
[EventType "team-tourn"]
[EventCountry "SRB"]
[SourceTitle "playchess.com"]
[Source "ChessBase"]
[SourceQuality "1"]
[TimeControl "40/5400+30:1800+30"]

1. e4 e5 2. Nf3 Nc6 3. Nc3 Nf6 4. Bb5 Bd6 5. O-O O-O 6. d3 h6 7. h3 Re8 8. Be3 {[%emt 0:00:00] The position is equal.} Ne7 9. d4 Ng6 10. Re1 a6 11. Bd3 b5 12. dxe5 Nxe5 13. Bd4 Nc6 14. Bxf6 Qxf6 15. a4 b4 (15... bxa4 $11 {was preferrable.} 16. Rxa4 Bb7) 16. Nd5 $14 Qd8 17. Ne3 {[%emt 0:00:00] Weighted Error Value: White=0.05 (flawless) /Black=0.09 (flawless) .  Mistake:       	White=1     	Black=1      OK:         	White=4     	Black=5      Best:        	White=1     	---} (17. Bc4 $14) 1/2-1/2

[Event "Serbian League 2024"]
[Site "Bajina Basta"]
[Date "2024.09.29"]
[Round "3.19"]
[White "Benkovic, Petar"]
[Black "Ivic, Velimir"]
[Result "1/2-1/2"]
[ECO "E14"]
[WhiteElo "2362"]
[BlackElo "2599"]
[Annotator "TA"]
[PlyCount "80"]
[EventDate "2024.09.26"]
[EventType "team-tourn"]
[EventCountry "SRB"]
[SourceTitle "playchess.com"]
[Source "ChessBase"]
[SourceQuality "1"]
[TimeControl "40/5400+30:1800+30"]

1. Nf3 d5 2. d4 Nf6 3. c4 e6 4. e3 b6 5. cxd5 exd5 6. Bb5+ c6 7. Bd3 Bd6 8. O-O O-O 9. Qc2 Re8 10. Nbd2 Qe7 11. b3 Bb7 12. Bb2 Nbd7 13. Rfe1 Ne4 14. Nf1 Rac8 15. Rac1 h5 16. N3d2 h4 17. f3 Nef6 (17... Ng5 $11) 18. Bf5 (18. e4 $14 Bf4 19. g3 dxe4 20. Bxe4) 18... c5 19. Qb1 Rcd8 20. e4 dxe4 21. Nxe4 Bxe4 22. Bxe4 {[%emt 0:00:29][%cal Oe4h7] White is weak on the dark squares} Qf8 23. Kh1 cxd4 24. Bxd4 Be5 25. Bf2 h3 26. gxh3 Nc5 27. Bxc5 bxc5 28. Bc6 Re6 29. Bb5 Rd4 30. Qc2 Qa8 31. Qg2 Nh5 {[%emt 0:07:52] White must now prevent ...Nf4.} 32. Ng3 $2 (32. Rxc5 $11 {and White stays safe.} Nf4 33. Qf2 Nxh3 34. Qg2) 32... Nf4 $2 (32... Bxg3 $1 $19 33. hxg3 (33. Rxe6 $2 fxe6 34. hxg3 Qb8 $19) 33... Qb8 34. Rxe6 fxe6) 33. Qf1 $15 Rd2 34. Bc4 {[%emt 0:00:46] [#]} (34. Re4 $15) 34... Nxh3 $1 35. Bxe6 $11 {[%emt 0:01:40] The position is equal.} Nf2+ 36. Kg2 Nd3+ 37. Kh1 {[%emt 0:00:33][%cal Oe1e5] aiming for Rxe5!} Nf2+ 38. Kg2 Nd3+ 39. Kh1 {[%emt 0:00:08][%cal Oe1e5] Strongly threatening Rxe5!} Nf2+ 40. Kg2 Bd4 $2 {[%emt 0:01:07][%mdl 40960] White used his chance.   Weighted Error Value: White=0.22 (precise) /Black=0.15 (very precise) .  Loses game:     	White=1     	Black=1      Missed win:     	---       	Black=1      Mistake:       	White=2     	Black=2      Inaccurate:     	White=1     	Black=1      OK:         	White=13    	Black=13     Best:        	White=2     	Black=3     . An unexpected result.} (40... Ng4+ $11 41. Kh3 Nf2+ 42. Kg2) 1/2-1/2

[Event "Serbian League 2024"]
[Site "Bajina Basta"]
[Date "2024.09.29"]
[Round "3.20"]
[White "Djukic, Nikola"]
[Black "Eren, Ataberk"]
[Result "1/2-1/2"]
[ECO "C84"]
[WhiteElo "2515"]
[BlackElo "2386"]
[Annotator "TA"]
[PlyCount "84"]
[EventDate "2024.09.26"]
[EventType "team-tourn"]
[EventCountry "SRB"]
[SourceTitle "playchess.com"]
[Source "ChessBase"]
[SourceQuality "1"]
[TimeControl "40/5400+30:1800+30"]

1. e4 e5 2. Nf3 Nc6 3. Bb5 a6 4. Ba4 Nf6 5. O-O Be7 6. d3 b5 7. Bb3 d6 8. c3 O-O 9. h3 Bb7 10. Nbd2 Nd7 11. Bc2 {[%emt 0:02:35] White is slightly better.} Bf6 12. Re1 Nc5 13. Nf1 Ne6 14. Ne3 g6 15. Bb3 Bg7 16. Bxe6 fxe6 17. Ng4 Qd7 18. Bh6 Rae8 19. Qe2 Qe7 20. Qe3 Nb8 21. a4 c5 (21... Nc6 $142) 22. axb5 $16 axb5 23. Bxg7 (23. d4 $142 {dxc5 is the strong threat.} exd4 24. cxd4 Rxf3 25. Qxf3 Bxd4 26. Qf4) 23... Qxg7 24. d4 cxd4 ({Black should play} 24... exd4 25. cxd4 c4) 25. cxd4 h5 {[%emt 0:00:04] [#]} 26. Ngh2 (26. Nh6+ $6 Kh8 $15) 26... Rf4 (26... Nc6 $16) 27. dxe5 dxe5 28. Qc5 Nc6 29. Qxb5 Ref8 30. Rac1 Nd4 31. Nxd4 (31. Qxe5 Qxe5 32. Nxe5 Rxe4) 31... exd4 32. f3 R4f7 33. Red1 {[%emt 0:01:53] White is more active.} Qh6 (33... e5 $16 {was worth a try.} 34. Rc5 Re7) 34. Qe5 $18 d3 35. Qxe6 d2 36. Rc3 {[%emt 0:01:28] Wards off Qe3+} Rd8 (36... Qg5 {might work better.} 37. Nf1 Kh8 38. Rxd2 (38. Nxd2 Rf6 $18) 38... Qf6) 37. Nf1 Qf4 {[%emt 0:00:38] Dodges Rc7} 38. g3 Qb8 {[%emt 0:01:51] [#]} (38... Qf6 {keeps fighting.} 39. Qxf6 Rxf6 40. Rxd2 Rdf8) 39. Kg2 (39. Qxg6+ $142 Rg7 40. Qb6 (40. Qxh5 Rxg3+ 41. Kf2 Rg7 $18)) 39... Rd6 40. Qb3 Qd8 41. Rc2 $2 (41. Ne3 $18 {Black must now prevent Nc4.} Rd4 42. Nc4) 41... Ba6 $11 42. Nxd2 (42. Rdxd2 $2 {perishes.} Bxf1+ 43. Kxf1 Rxd2 44. Rxd2 Qxd2 $19) 42... Bd3 $1 {[%emt 0:00:00] Weighted Error Value: White=0.44/Black=0.42.  Missed win:     	White=1     	---        Mistake:       	White=2     	Black=6      Inaccurate:     	White=2     	Black=2      OK:         	White=16    	Black=6      Best:        	---       	Black=2      Strong:       	---       	Black=1} 1/2-1/2

[Event "Serbian League 2024"]
[Site "Bajina Basta"]
[Date "2024.09.29"]
[Round "3.21"]
[White "Ozsakallioglu, Okan"]
[Black "Nenezic, Marko"]
[Result "1-0"]
[ECO "B06"]
[WhiteElo "2349"]
[BlackElo "2492"]
[Annotator "TA"]
[PlyCount "71"]
[EventDate "2024.09.26"]
[EventType "team-tourn"]
[EventCountry "SRB"]
[SourceTitle "playchess.com"]
[Source "ChessBase"]
[SourceQuality "1"]
[TimeControl "40/5400+30:1800+30"]

1. e4 g6 2. d4 Bg7 3. Nc3 d6 4. Be3 a6 5. h4 h5 6. Nh3 Nf6 7. Ng5 c6 8. f3 {[%emt 0:12:45] Weiß steht etwas besser.} b5 9. a4 {[%emt 0:05:20][%cal Ra4b5] axb5 wäre nun fies.} b4 10. Ne2 e6 11. Nf4 Qe7 12. a5 {[%emt 0:04:49] Weiß hat aktiveres Spiel. Die schwarzen Türme stehen passiv.} Nbd7 (12... c5 $14) 13. Qd2 O-O {[%emt 0:05:42] [#]} 14. Ngxe6 $1 fxe6 15. Nxg6 Qe8 16. Nxf8 Bxf8 17. Bh6 Qg6 {[%emt 0:08:15] [#]} (17... e5 $142 18. O-O-O Qe6 19. Bxf8 Kxf8 20. dxe5 (20. Qxb4 Rb8 $18) 20... Nxe5) 18. Bxf8 $1 $18 Qg3+ 19. Kd1 (19. Ke2 $18 {und der Rest ist Schweigen.} Nxf8 20. Qg5+ (20. Qxb4 Ng6 $18) 20... Qxg5 21. hxg5) 19... Kxf8 $16 20. Rh3 Qg7 21. Qxb4 c5 22. dxc5 Nxc5 23. Qd4 Qe7 24. e5 dxe5 25. Qxe5 Bb7 (25... Ncd7 $16 26. Qe3 Qd6+ 27. Kc1 Nd5) 26. Ra3 Rd8+ 27. Bd3 Bd5 (27... Rd5 {kämpft weiter.} 28. Qf4 Kf7) 28. Rg3 $18 Ncd7 29. Qg5 {[%emt 0:01:31] Zielt auf Qh6+ ab.} Rb8 30. Qh6+ (30. Bxa6 Qb4 $16) 30... Ke8 31. Qh8+ (31. Bxa6 Qd6 32. Qh8+ (32. Qg6+ $2 Kd8 $19) 32... Nf8 $11) 31... Nf8 32. Rc3 (32. Bxa6 Qd6 33. Rd3 Rxb2 $11) 32... e5 (32... Kd8 $142 33. Rg7 (33. Bxa6 Ne8 $18) 33... Qb4) 33. Rg7 (33. Bxa6 Qd6 34. Bd3 Ke7 $16) 33... Qd6 34. Rg6 Ke7 35. Qg7+ Bf7 {[%emt 0:00:25] [#]} 36. Rxf6 $1 {[%emt 0:00:05][%mdl 512] Gewichteter Fehlerwert: Weiß=0.13 (sehr präzise) /Schwarz=0.64.  Fehler:       	Weiß=1     	Schwarz=5     Ungenau:       	Weiß=1     	Schwarz=4     OK:         	Weiß=11    	Schwarz=3     Bester:       	Weiß=1     	Schwarz=2     Stark:        	Weiß=1     	---        Brilliant:      	Weiß=1     	---} 1-0

[Event "Serbian League 2024"]
[Site "Bajina Basta"]
[Date "2024.09.29"]
[Round "3.22"]
[White "Perunovic, Miodrag"]
[Black "Ljepic, Andrej"]
[Result "1-0"]
[ECO "D27"]
[WhiteElo "2347"]
[BlackElo "2326"]
[Annotator "RC"]
[PlyCount "73"]
[EventDate "2024.09.26"]
[EventType "team-tourn"]
[EventCountry "SRB"]
[SourceTitle "playchess.com"]
[Source "ChessBase"]
[SourceQuality "1"]
[TimeControl "40/5400+30:1800+30"]

1. d4 d5 2. c4 dxc4 3. Nf3 Nf6 4. e3 e6 5. Bxc4 a6 6. O-O c5 7. Bb3 Nc6 8. Nc3 cxd4 9. exd4 Be7 10. Bg5 O-O 11. Qd2 b6 12. Rad1 Bb7 13. d5 exd5 14. Qf4 Qb8 15. Qh4 h6 16. Bxh6 gxh6 17. Qxh6 Ne5 18. Rfe1 Nfg4 19. Qh5 Bf6 20. Nxe5 Nxe5 21. Nxd5 Bxd5 22. Rxd5 Qc7 23. Rdxe5 Bxe5 24. Rxe5 Qc1+ 25. Bd1 Rfc8 26. Rg5+ Kf8 27. Qh6+ Ke7 28. Re5+ Kd7 29. Rd5+ Ke8 30. Qd6 Rc5 31. Qe5+ Kf8 32. Qh8+ Ke7 33. Qxa8 Ke6 34. Rd3 Re5 35. g3 Re1+ 36. Kg2 Rxd1 37. Qd5+ 1-0

[Event "Serbian League 2024"]
[Site "Bajina Basta"]
[Date "2024.09.29"]
[Round "3.23"]
[White "Ivanovic, Dragutin"]
[Black "Radovanovic, Dusan"]
[Result "1-0"]
[ECO "A05"]
[WhiteElo "2308"]
[BlackElo "2293"]
[Annotator "RC"]
[PlyCount "93"]
[EventDate "2024.09.26"]
[EventType "team-tourn"]
[EventCountry "SRB"]
[SourceTitle "playchess.com"]
[Source "ChessBase"]
[SourceQuality "1"]
[TimeControl "40/5400+30:1800+30"]

1. Nf3 Nf6 2. b3 g6 3. Bb2 Bg7 4. e4 d6 5. Bc4 O-O 6. e5 dxe5 7. Bxe5 Nc6 8. Bb2 a6 9. O-O b5 10. Be2 Bb7 11. c4 bxc4 12. Bxc4 Nb4 13. Nc3 Nh5 14. d4 e6 15. a3 Nd5 16. Nxd5 Bxd5 17. Bxd5 Qxd5 18. Rc1 Rab8 19. b4 a5 20. Rc5 Qa2 21. Qc2 a4 22. Nd2 Rfd8 23. Ra1 Qxb2 24. Qxb2 Bxd4 25. Rc3 Nf4 26. Nb1 Nd3 27. Qc2 Nxf2 28. Kf1 Ng4 29. h3 Nf6 30. Ra2 Nd5 31. Rd3 e5 32. Nd2 Rd6 33. Ne4 Re6 34. Qc4 c6 35. Re2 Rbe8 36. Rxd4 exd4 37. Qxd4 f5 38. Nc3 Ne3+ 39. Kf2 f4 40. Kg1 g5 41. Nxa4 Kf7 42. Nc5 Re5 43. Qd7+ R8e7 44. Qxc6 Rd5 45. Re1 Rd2 46. Ne4 Rxg2+ 47. Kh1 1-0

[Event "Serbian League 2024"]
[Site "Bajina Basta"]
[Date "2024.09.29"]
[Round "3.24"]
[White "Marcetic, Nikola"]
[Black "Zivanovic, Bojan"]
[Result "0-1"]
[ECO "D02"]
[WhiteElo "2290"]
[BlackElo "2161"]
[Annotator "RC"]
[PlyCount "114"]
[EventDate "2024.09.26"]
[EventType "team-tourn"]
[EventCountry "SRB"]
[SourceTitle "playchess.com"]
[Source "ChessBase"]
[SourceQuality "1"]
[TimeControl "40/5400+30:1800+30"]

1. d4 Nf6 2. Nf3 d5 3. Bf4 c5 4. e3 Nc6 5. Nbd2 Bg4 6. c3 e6 7. Bb5 Qb6 8. Qa4 Bxf3 9. Nxf3 a6 10. Bxc6+ Qxc6 11. Qxc6+ bxc6 12. O-O Be7 13. Ne5 Rc8 14. Rfc1 Nd7 15. Nxd7 Kxd7 16. dxc5 Bxc5 17. c4 Bd6 18. Bxd6 Kxd6 19. Rc3 Rb8 20. b3 Rhc8 21. Rd1 f5 22. f4 a5 23. Kf2 a4 24. Kf3 axb3 25. axb3 Rb4 26. h3 Rcb8 27. Rdd3 c5 28. g4 g6 29. g5 Kc6 30. h4 Ra8 31. cxd5+ exd5 32. Rd2 Ra3 33. Rdd3 Kd6 34. h5 gxh5 35. Kg3 d4 36. exd4 cxd4 37. Kh4 Kd5 38. Rc7 Ke4 39. Rd1 Rbxb3 40. Re7+ Kd5 41. Re5+ Kc4 42. Rc1+ Rc3 43. Rh1 d3 44. Ree1 d2 45. Rd1 Rd3 46. Rh2 Kc3 47. Kxh5 Kc2 48. Rdh1 Rh3+ 49. Rxh3 Rxh3+ 50. Rxh3 d1=Q+ 51. Kh6 Qd7 52. g6 hxg6 53. Kxg6 Qe6+ 54. Kg5 Qg8+ 55. Kf6 Qg4 56. Rh2+ Kd3 57. Ke5 Ke3 0-1

[Event "Serbian League 2024"]
[Site "Bajina Basta"]
[Date "2024.09.29"]
[Round "3.25"]
[White "Andreikin, Dmitry"]
[Black "Hovhannisyan, Robert"]
[Result "1/2-1/2"]
[ECO "D35"]
[WhiteElo "2729"]
[BlackElo "2619"]
[Annotator "TA"]
[PlyCount "79"]
[EventDate "2024.09.26"]
[EventType "team-tourn"]
[EventCountry "SRB"]
[SourceTitle "playchess.com"]
[Source "ChessBase"]
[SourceQuality "1"]
[TimeControl "40/5400+30:1800+30"]

1. d4 d5 2. c4 e6 3. Nc3 Nf6 4. cxd5 exd5 5. Bg5 c6 6. e3 Bf5 7. Qf3 Bg6 8. Bxf6 Qxf6 9. Qxf6 gxf6 10. Nf3 Nd7 {[%emt 0:00:14] D35: Damegambiet Geweigerd: Ruilvariant.} 11. Nh4 {[%emt 0:00:16] OK} Bb4 12. Kd2 a5 {[%emt 0:00:59] Wit staat iets beter.} 13. a3 {[%emt 0:14:25] OK} Bxc3+ 14. bxc3 b5 {[%emt 0:02:37] OK} 15. a4 {[%emt 0:00:12] OK} bxa4 {[%emt 0:00:54] OK} 16. Rxa4 Ke7 17. Be2 {[%emt 0:03:08] OK} Nb6 $146 ({Predecessor:} 17... Rhb8 18. Nxg6+ fxg6 19. Rha1 Rb2+ 20. Ke1 f5 21. Rxa5 Rxa5 22. Rxa5 Rb3 23. Kd2 Rb2+ {½-½ Lukyanenko,V (2339)-Liskevich,V (2352) UKR-ch33 email 2022}) 18. Ra2 {[%emt 0:00:22] OK} a4 {[%emt 0:02:02] OK} 19. Nxg6+ fxg6 20. Rb1 {[%emt 0:02:51] OK} Rhb8 {[%emt 0:01:03] OK} 21. Kc1 {[%emt 0:09:36] Wit is actiever. Onnauwkeurig} Kd6 {[%emt 0:16:20] OK} 22. Bd1 Ra6 {[%emt 0:03:31] OK} 23. Rxa4 Nxa4 24. Rxb8 {[%emt 0:00:05] OK} Nxc3 $14 {[%emt 0:00:05][%mdl 4096] [#] Eindspel. met als doel voor ...Ra1+. KRB-KRN. OK} 25. Bc2 {[%emt 0:00:15] OK} Ra7 {[%emt 0:08:46] Stopt Rb7} 26. Rd8+ Rd7 27. Rf8 {[%emt 0:00:17] OK} f5 {[%emt 0:01:10] OK} 28. f3 {[%emt 0:05:01] Remt Ne4. Onnauwkeurig} Nb5 {[%emt 0:02:54] De stelling is in evenwicht.} 29. h4 Nc7 {[%emt 0:00:34] OK} 30. h5 {[%emt 0:02:24] Zwart moet nu hxg6 voorkomen.} Ne6 {[%emt 0:02:00] OK} 31. Rh8 {[%emt 0:00:22] OK} c5 32. dxc5+ Kxc5 33. Kd2 d4 {[%emt 0:02:43] OK} 34. Rg8 Rd8 {[%emt 0:03:45] OK} 35. Rxd8 {[%emt 0:01:06] OK} Nxd8 36. g4 fxg4 {[%emt 0:00:57] OK} 37. fxg4 gxh5 {[%emt 0:00:19] OK} 38. gxh5 h6 {[%emt 0:00:35] OK} 39. Kd3 dxe3 40. Kxe3 {[%emt 0:00:05] Blunder waarde: Wit=0.06 (foutloos) /Zwart=0.04 (foutloos) .  Onnauwkeurig:    	Wit=2      	---        OK:         	Wit=11     	Zwart=15} 1/2-1/2